AoeStats
← ScruffyMcDuff

Arabia

503946663Analyzed
1v1 RM · 1mo ago on Sep 3, 2026· 31m 20s· 2 players
Game mode
Random Map
Map size
Tiny (2 player)
Population
200
Speed
Normal
Resources
Standard
Victory
Conquest
Starting age
Dark Age
Ending age
Imperial Age
RankedLock teamsTeams togetherTeam positionsShared explorationLock speedFull tech treeHidden civsTurbo modeCheats
Victory
Defeat
🇨🇦 Burgundians · Canada
1147
+14
🇲🇽 Celts · Mexico
1104
-14
Zeratai
7:12 Loom
9:45 Feudal Age
9:56 Man-at-Arms
15:06 Wheelbarrow
16:56 Horse Collar
18:03 Double-Bit Axe
24:09 Castle Age
22:46 Gold Mining
23:20 Arson
23:49 Forging
23:39 Scale Mail Armor
24:12 Long Swordsman
24:37 Gambesons
24:13 Pikeman
26:45 Chain Mail Armor
28:05 Iron Casting
28:48 Stone Mining
30:48 Fletching
ScruffyMcDuff
6:40 Double-Bit Axe
6:45 Loom
9:54 Feudal Age
11:31 Horse Collar
18:29 Gold Mining
20:34 Arson
21:54 Fletching
24:43 Castle Age
24:33 Forging
24:54 Scale Barding Armor
25:13 Scale Mail Armor
25:15 Heavy Plow
25:28 Husbandry
25:17 Light Cavalry
27:10 Crossbowman
28:18 Bow Saw
28:21 Squires
28:33 Padded Archer Armor
28:25 Cavalier
Connection lost

Rejoining the realm…

Still unreachable

The connection could not be restored.

Session expired

The server has moved on; the page needs a fresh start.